 Dungeon Crawl Stone Soup version 0.21.1-1-g345015fe64 (webtiles) character file.

346 BrokenGlass the Skirmisher (level 6, -2/46 HPs)
             Began as an Octopode Monk on Apr 4, 2018.
             Slain by a shadow imp (4 damage)
             ... summoned by Eustachio
             ... on level 4 of the Dungeon.
             The game lasted 00:02:51 (2789 turns).

BrokenGlass the Skirmisher (Octopode Monk)          Turns: 2789, Time: 00:02:52

Health: -2/46      AC:  1    Str: 10    XL:     6   Next: 59%
Magic:  6/6        EV: 14    Int: 12    God:
Gold:   111        SH:  4    Dex: 17    Spells: 5/5 levels left

rFire    . . .     SeeInvis .   a - +0 mace
rCold    . . .     Gourm    .   t - +0 buckler
rNeg     . . .     Faith    .   q - +0 hat
rPois    .         Spirit   .   (no amulet)
rElec    .         Reflect  .   (no ring)
rCorr    .         Harm     .   (no ring)
MR       .....                  (no ring)
Stlth    +++.......             (no ring)
HPRegen  0.15/turn              (no ring)
MPRegen  0.10/turn              (no ring)
                                (no ring)
                                (no ring)

@: no status effects
A: almost no armour, stealthy swim, amphibious, 8 rings, constrict 8, camouflage
1, gelatinous body 1
a: no special abilities


You were on level 4 of the Dungeon.
You were not hungry.

You visited 1 branch of the dungeon, and saw 4 of its levels.

You collected 111 gold pieces.

Inventory:

Hand Weapons
 a - a +0 mace (weapon)
 m - a +0 hunting sling
Missiles
 c - 84 stones (quivered)
 f - 61 arrows
 k - 8 javelins
 l - 17 bolts
 x - 45 sling bullets
Armour
 q - a +0 hat (worn)
 t - a +0 buckler (worn)
Scrolls
 d - a scroll of magic mapping {unknown}
 e - a scroll of identify {unknown}
 g - a scroll of random uselessness {unknown}
 h - a scroll of enchant weapon {unknown}
 j - a scroll of enchant armour {unknown}
 n - a scroll of fear
 r - a scroll of blinking {unknown}
 u - a scroll of remove curse
 v - a scroll of amnesia {unknown}
Potions
 i - 2 potions of heal wounds {unknown}
 o - a potion of flight {unknown}
 p - a potion of mutation {unknown}
 s - a potion of berserk rage {unknown}
 w - a potion of agility {unknown}
Comestibles
 b - 6 rations
 z - 8 chunks of flesh


   Skills:
 * Level 6.0 Fighting
 + Level 4.7 Maces & Flails
 - Level 3.0 Dodging
 - Level 2.6 Stealth
 * Level 1.1 Shields


You had 5 spell levels left.
You didn't know any spells.

Dungeon Overview and Level Annotations

Branches:
Dungeon (4/15)
 Temple: D:4-7

Altars:
Trog

Annotations:
D:4 Eustachio


Innate Abilities, Weirdness & Mutations

You cannot wear most types of armour.
You are very stealthy in the water. (Stealth+)
You are amphibious.
You can wear up to eight rings at the same time.
You can use your tentacles to constrict eight enemies at once.
Your skin changes colour to match your surroundings (Stealth+).
Your rubbery body absorbs attacks. (AC +1, EV +1)


Message History

The rat misses you. Eustachio misses you. You block the shadow imp's attack.
The rat barely misses you. x2
Unknown command.
Unknown command.
You hit Eustachio.
Eustachio is severely wounded.
You constrict Eustachio. The bat misses you.
Eustachio mumbles some strange words.
The shadow imp hits you.
* * * LOW HITPOINT WARNING * * *
The rat misses you. Eustachio barely misses you. The rat barely misses you.
The shadow imp closely misses you.
Unknown command.
You hit Eustachio.
Eustachio is almost dead.
You constrict Eustachio. Eustachio closely misses you.
The rat barely misses you. The bat misses you. The rat bites you.
* * * LOW HITPOINT WARNING * * *
The shadow imp hits you.
You die...

#...!# #...#....#
#....# #...#....#
#....# #...#....#
#....# #...#..>.#
#....# ##.##....#
#....#######.##....#
##..........#.#
.........5b...#.#
......##.5r@...#.#
....$.. #..r@5..#.#
....... #..5....#.#
....!.. #.......#.#
....... #.......#.#
#########.#
#######.# #....##.#
#....##.#


You could see Eustachio, 2 quasits, a crimson imp, a shadow imp, a bat and 2
rats.

Vanquished Creatures
  Sigmund (D:2)
  An orc priest (D:4)
  An orc wizard (D:4)
  4 adders
  4 worms (D:3)
  4 dart slugs
  2 leopard geckos (D:3)
  3 orcs
  6 giant cockroaches
  8 goblins
  10 hobgoblins
  3 jackals (D:3)
  A quokka (D:2)
  A ball python (D:3)
  7 bats
  4 frilled lizards
  10 kobolds
  4 rats
74 creatures vanquished.

Notes
Turn   | Place    | Note
-------+----------+-------------------------------------------
     0 | D:1      | BrokenGlass the Octopode Monk began the quest for the Orb.
     0 | D:1      | Reached XP level 1. HP: 16/16 MP: 1/1
   119 | D:1      | Reached XP level 2. HP: 15/21 MP: 2/2
   668 | D:2      | Reached XP level 3. HP: 27/27 MP: 3/3
   800 | D:2      | Noticed Sigmund
   802 | D:2      | Reached skill level 4 in Fighting
   967 | D:2      | Killed Sigmund
   967 | D:2      | Reached skill level 5 in Fighting
   967 | D:2      | Reached XP level 4. HP: 15/35 MP: 4/4
   967 | D:2      | Reached XP level 5. HP: 16/39 MP: 5/5
  1117 | D:2      | Found a bloodstained altar of Trog.
  1382 | D:3      | Reached XP level 6. HP: 38/45 MP: 6/6
  2572 | D:4      | Reached skill level 6 in Fighting
  2572 | D:4      | Reached skill level 1 in Shields
  2765 | D:4      | Noticed Eustachio
  2789 | D:4      | HP: 2/46 [rat[Eustachio] (3)]
  2789 | D:4      | Slain by a shadow imp

Skill      XL: |  1  2  3  4  5  6 |
---------------+-------------------+-----
Fighting       | 5 6 |  6.0
Maces & Flails | 4 |  4.7
Shields        | 1 |  1.1
Dodging        | |  3.0
Stealth        | |  2.6

Action                   |  1- 3 |  4- 6 || total
-------------------------+-------+-------++-------
Melee: Mace              |    53 |   103 ||   156
       Constrict         |    15 |    32 ||    47
       Tentacles         |     9 |    22 ||    31
  Use: Scroll            |       |     2 ||     2
 Stab: Sleeping          |     7 |     9 ||    16
       Distracted        |       |     2 ||     2
  Eat: Chunk             |       |     6 ||     6
Armor: Skin              |     2 |     8 ||    10
Dodge: Dodged            |    35 |    93 ||   128
Block: Buckler           |       |     9 ||     9
